AoeStats
← Rolandreso

Black Forest

504143537Analyzed
3v3 RM · 29d ago on Sep 4, 2026· 27m 41s· 6 players
Game mode
Random Map
Map size
Normal (6 player)
Population
200
Speed
Normal
Resources
Standard
Victory
Conquest
Starting age
Dark Age
Ending age
Imperial Age
RankedLock teamsTeams togetherTeam positionsShared explorationLock speedFull tech treeHidden civsTurbo modeCheats
Victory
Defeat
🇨🇱 Vikings · Chile
1113
+9
🇨🇱 Persians · Chile
1045
+12
🇨🇱 Khmer · Chile
1030
+13
🇦🇷 Japanese · Argentina
975
-12
🇺🇸 Chinese · United States
959
-11
🇺🇸 Persians · United States
950
-11
STOOGES19697454
13:10 Feudal Age
13:44 Feudal Age
16:21 Double-Bit Axe
16:34 Horse Collar
21:42 Castle Age
20:58 Gold Mining
21:02 Stone Mining
25:13 Wheelbarrow
24:33 Stone Mining
24:57 Bow Saw
25:25 Gold Shaft Mining
24:58 Heavy Plow
Violet storm
6:02 Loom
11:35 Feudal Age
12:33 Horse Collar
12:45 Double-Bit Axe
17:13 Castle Age
19:12 Fletching
21:01 Bow Saw
22:39 Wheelbarrow
21:54 Town Watch
22:12 Bodkin Arrow
22:36 Gold Mining
22:49 Heavy Plow
henry j.waternoose
0:43 Loom
12:53 Feudal Age
19:24 Castle Age
18:49 Double-Bit Axe
18:47 Horse Collar
21:21 Gold Mining
22:04 Town Watch
23:04 Stone Mining
28:45 Wheelbarrow
RedLaig
12:49 Feudal Age
12:06 Loom
16:57 Castle Age
15:37 Wheelbarrow
15:29 Double-Bit Axe
17:55 Horse Collar
21:23 Heavy Plow
22:03 Bow Saw
23:35 Gold Mining
23:41 Stone Mining
25:57 Gold Shaft Mining
26:20 Hand Cart
27:27 Husbandry
27:53 Scale Barding Armor
Zuwordo!
1:01 Loom
12:24 Feudal Age
12:59 Double-Bit Axe
18:08 Castle Age
17:30 Scale Mail Armor
17:16 Horse Collar
17:59 Man-at-Arms
18:26 Arson
18:53 Forging
19:04 Gambesons
20:40 Long Swordsman
22:34 Pikeman
24:31 Squires
24:48 Chain Mail Armor
Rolandreso
1:46 Loom
1:53 Loom
13:22 Feudal Age
14:54 Double-Bit Axe
14:58 Horse Collar
21:48 Castle Age
21:08 Stone Mining
21:10 Gold Mining
23:15 Wheelbarrow
22:56 Bow Saw
24:03 Hand Cart
26:49 Scale Barding Armor
27:59 Heavy Plow
28:43 Stone Shaft Mining
Connection lost

Rejoining the realm…

Still unreachable

The connection could not be restored.

Session expired

The server has moved on; the page needs a fresh start.